 Dungeon Crawl Stone Soup version 0.28-a0-925-gd5e1996cdb (webtiles) character file.

Game seed: 8323804244315574238

170 BinkBink the Covered (level 5, 0/33 HPs)
             Began as a Gargoyle Fighter on Nov 26, 2021.
             Was a Believer of Vehumet.
             Frozen to death by an endoplasm (3 damage)
             ... on level 4 of the Dungeon.
             The game lasted 00:03:24 (3076 turns).

BinkBink the Covered (Gargoyle Fighter)             Turns: 3076, Time: 00:03:25

Health: 0/33       AC: 15    Str: 20    XL:     5   Next: 51%
Magic:  5/5        EV:  9    Int:  9    God:    Vehumet [**....]
Gold:   156        SH:  4    Dex:  9    Spells: 4/4 levels left

rFire   . . .      SeeInvis .   a - +0 flail
rCold   . . .      Faith    +   c - +0 buckler
rNeg    + . .      Spirit   .   b - +0 scale mail
rPois   ∞          Reflect  .   (no helmet)
rElec   +          Harm     .   r - +2 cloak
rCorr   .          Rampage  .   (no gloves)
Will    .....                   h - +0 pair of boots
Stlth   ..........              o - amulet of faith
HPRegen 0.11/turn               (no ring)
MPRegen 0.09/turn               (no ring)

@: brilliant, about to teleport
A: sickness immunity, AC +4, negative energy resistance 1, electricity
resistance, torment resistance 1, petrification resistance
a: Renounce Religion


You were on level 4 of the Dungeon.
You worshipped Vehumet.
Vehumet was pleased with you.
You visited 1 branch of the dungeon, and saw 4 of its levels.

You collected 156 gold pieces.

Inventory:

Hand Weapons
 a - a +0 flail (weapon)
Armour
 b - a +0 scale mail (worn)
 c - a +0 buckler (worn)
 h - a +0 pair of boots (worn)
 r - a +2 cloak (worn)
Jewellery
 o - an amulet of faith (around neck)
Scrolls
 i - a scroll of teleportation
 j - a scroll of summoning {unknown}
 m - a scroll of silence {unknown}
 n - a scroll of identify {unknown}
 q - a scroll of blinking {unknown}
 s - a scroll of noise {unknown}
Potions
 d - a potion of might
 e - a potion of brilliance
 f - a potion of attraction {unknown}
 g - a potion of degeneration {unknown}
 k - a potion of ambrosia {unknown}
 l - a potion of haste {unknown}
 p - a potion of curing {unknown}


   Skills:
 + Level 3.9 Fighting
 + Level 3.8 Maces & Flails
 + Level 4.4 Armour
 + Level 0.3 Dodging
 + Level 0.1 Stealth
 + Level 3.8 Shields


You had 4 spell levels left.
You didn't know any spells.
Your spell library contained the following spells:

 Spells                   Type           Power      Damage    Failure   Level
 Searing Ray              Conj           0%         2d4       86%         2
 Shock                    Conj/Air       0%         1d3       75%         1
 Static Discharge         Conj/Air       0%         N/A       86%         2
 Ignite Poison            Fire/Tmut/Pois 0%         N/A       98%         3
 Mephitic Cloud           Conj/Pois/Air  0%         N/A       98%         3
 Swiftness                Air            0%         N/A       98%         3
 Airstrike                Air            0%         N/A       100%        4
 Dispel Undead            Necr           0%         3d6       100%        4
 Sticky Flame             Conj/Fire      0%         2d3       100%        4
 Freezing Cloud           Conj/Ice/Air   0%         6-21      100%        5
 Dispersal                Tloc           0%         N/A       100%        6
 Disjunction              Tloc           0%         N/A       100%        8


Dungeon Overview and Level Annotations

Branches:
Dungeon (4/15)
 Temple: D:4-7

Altars:
Vehumet

Shops:
D:2 [


Innate Abilities, Weirdness & Mutations

You are immune to sickness and miasma.
Your stone body is resilient. (AC +4)
You are immune to poison.
You resist negative energy. (rN+)
You are resistant to electric shocks. (rElec)
You are resistant to unholy torment.
You are immune to petrification.


Message History

The orc hits you but does no damage.
The orc priest invokes the aid of Beogh against you.
Beogh smites you! The orc hits you but does no damage.
You hear a shout!
You barely miss the orc priest.
The orc priest is almost dead.
The orc priest misses you. The orc barely misses you.
You hit the orc priest.
You kill the orc priest!
Vehumet accepts your kill. You block the orc's attack.
You closely miss the iguana. The iguana bites you!
The orc hits you but does no damage. You block the iguana's attack.
You are too injured to fight recklessly!
You are too injured to fight recklessly!
You are too injured to fight recklessly!
The orc closely misses you.
A goblin comes into view. It is wielding a +0 dagger.
You hit the orc.
The orc is severely wounded.
You block the orc's attack. The orc hits you but does no damage.
You hit the orc.
You kill the orc!
Vehumet accepts your kill.
You closely miss the iguana. The iguana bites you!
* * * LOW HITPOINT WARNING * * *
An endoplasm comes into view.
The endoplasm quivers.
The iguana bites you.
* * * LOW HITPOINT WARNING * * *
The goblin unwields a +0 dagger.
The goblin wields a +0 hunting sling.
The goblin shoots a stone.
The stone hits you but does no damage.
As you read the scroll labelled TOVATW DORAJASCH, it crumbles to dust.
You feel strangely unstable.
It was a scroll of teleportation.
It was a potion of brilliance.
You feel clever all of a sudden.
The iguana bites you but does no damage.
The endoplasm freezes you.
You are frozen.
You die...

## #...(.....#
...##.......#..
##........##...............
#.#.........##............
###....#.....#............
##...#.#...#......oo..##
#....## ..............#.
#####.###...............
##.....##J.....)## .....
#........@.####..##.....
#........l.# #.........
#..........## ##........
##..........g# #)#......
#............####........
###.#....................
#.#.........#..........
##........###......##.#
#...##....###†##..# ##


You could see an iguana, an endoplasm and a goblin.

Vanquished Creatures
  An orc priest (D:4)
  A hound (D:4)
  4 adders
  2 worms
  A dart slug (D:1)
  2 orcs (D:4)
  4 ball pythons
  3 bats
  6 endoplasms
  5 giant cockroaches
  5 goblins
  7 hobgoblins
  3 jackals (D:2)
  3 kobolds
  4 quokkas
  3 frilled lizards
  6 rats
60 creatures vanquished.

Notes
Turn   | Place    | Note
-------+----------+-------------------------------------------
     0 | D:1      | BinkBink the Gargoyle Fighter began the quest for the Orb.
     0 | D:1      | Reached XP level 1. HP: 14/14 MP: 1/1
   415 | D:1      | Reached XP level 2. HP: 19/19 MP: 2/2
   673 | D:1      | Found a faded altar of an unknown god.
   685 | D:1      | Prayed at the altar of an unknown god.
   685 | D:1      | Became a worshipper of Vehumet
   685 | D:1      | Reached * piety under Vehumet
   685 | D:1      | Offered knowledge of Magic Dart by Vehumet.
  1130 | D:2      | Reached XP level 3. HP: 23/23 MP: 3/3
  1655 | D:2      | Reached skill level 4 in Armour
  1655 | D:2      | Reached XP level 4. HP: 13/28 MP: 4/4
  1993 | D:2      | Found Atuy's Antique Armour Emporium.
  2316 | D:3      | Offered knowledge of Searing Ray by Vehumet.
  2334 | D:3      | Reached ** piety under Vehumet
  3029 | D:4      | Reached XP level 5. HP: 33/33 MP: 5/5
  3076 | D:4      | Frozen to death by an endoplasm

Illustrated notes

Levels and vault maps discovered:
D:1:      dpeg_arrival_houses_and_road, layout_loops_corners,
          hellmonk_ecumenical_altar_heavens_door
D:2:      layout_loops_ring, serial_shops, nicolae_shop_statue_plus,
          patterned_corridor
D:3:      layout_rooms, chequers_serial_rivers_marsh
D:4:      layout_cave_pools, minmay_pentangle

Skill      XL: |  1  2  3 |
---------------+----------+-----
Maces & Flails | 3 |  3.8
Armour         | 4 |  4.4
Fighting       | |  3.9
Dodging        | |  0.3
Stealth        | |  0.1
Shields        | |  3.8

Action                   |  1- 3 |  4- 6 || total
-------------------------+-------+-------++-------
Melee: Flail             |   133 |    92 ||   225
  Use: Scroll            |       |     1 ||     1
       Potion            |       |     1 ||     1
Armor: Scale mail        |    66 |    50 ||   116
Dodge: Dodged            |    50 |    41 ||    91
Block: Buckler           |    29 |    25 ||    54

Table legend: (Time is in decaauts)
 A = Elapsed time spent in this place.
 B = Non-inter-level travel time spent in this place.
 C = Inter-level travel time spent in this place.
 D = Time resting spent in this place.
 E = Time spent auto-exploring this place.
 F = Levels seen in this place.
 G = Mean time per level.
                   A        B        C        D        E       F      G
               +--------+--------+--------+--------+--------+-----+--------+
         Total |   3137 |   3100 |     37 |      0 |   2582 |   4 |  784.2 |
       Dungeon |   3137 |   3100 |     37 |      0 |   2582 |   4 |  784.2 |
               +--------+--------+--------+--------+--------+-----+--------+

Top non-repeatable levels by time:
     D:2: 1137 daAuts
     D:1: 1065 daAuts
     D:3: 571 daAuts
     D:4: 362 daAuts
